 Dungeon Crawl Stone Soup version 0.18.1-47-g9310371 (webtiles) character file.

18209 SaltyNutz the Protected (level 12, -6/107 HPs)
             Began as a Demonspawn Berserker on June 24, 2016.
             Was an Elder of Trog.
             Mangled by a six-headed hydra (8 damage)
             ... on level 15 of the Dungeon.
             The game lasted 02:10:30 (14794 turns).

SaltyNutz the Protected (Demonspawn Berserker)     Turns: 14794, Time: 02:10:30

Health: -6/107     AC: 21    Str: 21    XL:     12   Next: 25%
Magic:  12/12      EV:  9    Int:  9    God:    Trog [****..]
Gold:   24         SH:  0    Dex: 14    Spells: 0 memorised, 11 levels left

rFire  + . .     SeeInvis +     a - +4 trident (venom)
rCold  . . .     Gourm    .     z - +1 plate armour
rNeg   . . .     Faith    .     (no shield)
rPois  .         Spirit   .     (helmet unavailable)
rElec  .         Dismiss  .     y - +2 cloak
rCorr  .         Reflect  .     (no gloves)
SustAt .         Harm     .     v - +1 pair of boots
MR     .....                    E - amulet of magic regeneration
Stlth  ..........               C - +2 ring of strength
                                A - ring of protection from fire

@: exhausted, corroded, slowed, very slow, not resistant to hostile
enchantments, extremely unstealthy
A: antennae 3, rough black scales 2, demonic guardian 2, nightstalker 1, robust
1
a: Berserk, Trog's Hand, Brothers in Arms, Burn Spellbooks, Renounce Religion


You were on level 15 of the Dungeon.
You worshipped Trog.
Trog was greatly pleased with you.
You were not hungry.

You visited 1 branch of the dungeon, and saw 15 of its levels.

You collected 727 gold pieces.
You spent 703 gold pieces at shops.

Inventory:

Hand Weapons
 a - a +4 trident of venom (weapon)
 b - a +1 dagger of chaos
 h - a +2 battleaxe of flaming
 j - a +2 spear of piercing
 m - a +0 war axe
 t - a +0 great sword
 B - a +0 antimagic great sword
 D - a +2 shortbow of flaming
 K - the +11 demon trident of the Nine Gods {vamp, rF+ rC++ rN+, unknown}
   (You bought it in a shop on level 13 of the Dungeon)

   It inflicts no extra harm, but heals its wielder somewhat when it strikes a
   living foe.
   It protects you from fire.
   It greatly protects you from cold.
   It protects you from negative energy.
Missiles
 e - 5 poisoned javelins (quivered)
 f - 2 needles of paralysis
 i - 23 poisoned needles
 n - a large rock
 G - 80 arrows
Armour
 d - a +1 cloak
 o - a +0 plate armour
 p - the +4 ring mail of the Fifty Wishes {rPois rN+++ Str-5 Dex-4}
   (You found it on level 4 of the Dungeon)

   It affects your strength (-5).
   It affects your dexterity (-4).
   It protects you from poison.
   It renders you almost immune to negative energy.
 v - a +1 pair of boots (worn)
 y - a +2 cloak (worn)
 z - a +1 plate armour (worn)
 H - a +0 plate armour
Jewellery
 A - a ring of protection from fire (left hand)
 C - a +2 ring of strength (right hand)
 E - an amulet of magic regeneration (around neck)
 I - an uncursed ring of protection from fire
 L - an uncursed ring of magical power {unknown}
Wands
 O - a wand of flame (24/48)
Scrolls
 l - 2 scrolls of fear
 r - 2 scrolls of recharging
 x - 2 scrolls of teleportation
 M - 2 scrolls of remove curse
Potions
 g - a potion of cancellation
 k - 5 potions of lignification
Books
 q - a book of Envenomations

   Spells                             Type                      Level
   a - Spider Form                    Transmutation/Poison         3
   b - Olgreb's Toxic Radiance        Poison                       4
   c - Alistair's Intoxication        Transmutation/Poison         5
   d - Poisonous Cloud                Conjuration/Poison/Air       6
   Trog disapproves of the use of such an item.
 w - a book of Flames

   Spells                             Type                      Level
   a - Flame Tongue                   Conjuration/Fire             1
   b - Throw Flame                    Conjuration/Fire             2
   c - Conjure Flame                  Conjuration/Fire             3
   d - Inner Flame                    Hexes/Fire                   3
   e - Sticky Flame                   Conjuration/Fire             4
   f - Fireball                       Conjuration/Fire             5
   Trog disapproves of the use of such an item.
Comestibles
 c - 2 bread rations
 s - 6 beef jerkies
 u - 7 fruits
 F - 7 royal jellies
 N - a meat ration


   Skills:
 + Level 10.4 Fighting
 + Level 3.4(7.1) Axes
 + Level 9.6(9.9) Polearms
 + Level 0.6 Throwing
 + Level 11.8 Armour
 + Level 5.2 Dodging
 + Level 1.9 Stealth


You had 11 spell levels left.
You didn't know any spells.

Dungeon Overview and Level Annotations

Branches:
Dungeon (15/15)            Temple (0/1) D:6             Orc (0/2) D:12
 Vaults (0/5) D:13
   Lair: D:8-11      Depths: D:15

Altars:
Dithmenos
Nemelex Xobeh
Okawaru
Qazlal
Ru
Xom
The Shining One

Shops:
D:5 %   D:13 (

Annotations:
D:13 exclusion: oklob plant


Innate Abilities, Weirdness & Mutations

You have a pair of large antennae on your head (SInv).
You are mostly covered in rough black scales (AC +7, Dex -2).
A demonic guardian rushes to your aid.
You are slightly more attuned to the shadows.
You are robust (+10% HP).


Message History

The six-headed hydra bites you!
* * * LOW HITPOINT WARNING * * *
The six-headed hydra bites you but does no damage.
The six-headed hydra bites you!
* * * LOW HITPOINT WARNING * * *
The six-headed hydra bites you!
* * * LOW HITPOINT WARNING * * *
Drink which item? (? for menu, Esc to quit)
You feel better.
Your ice devil barely misses the six-headed hydra.
The brown ugly thing tentacle-slaps you but does no damage.
The six-headed hydra bites you but does no damage.
The six-headed hydra bites you.
* * * LOW HITPOINT WARNING * * *
The six-headed hydra completely misses you.
The six-headed hydra bites you but does no damage.
The six-headed hydra bites you.
* * * LOW HITPOINT WARNING * * *
The six-headed hydra bites you!
You die...

#.........##.#
######...#####.##.#
#..............#.#.#####
................###..##.
#.............†#.#.#.##.
###.#.........#........
#.#)...####.##....### #
#.[..# #.#####.#
#.#4@..# #.# #.#
#..uD..# #.. ..#
####.### #.# #.# #.# #..
#.## #.# .# {


You could see a six-headed hydra, a brown ugly thing and a friendly ice devil.

Vanquished Creatures
  2 hydras (D:14)
  Erolcha (D:11)
  3 hill giants
  An ugly thing (D:15)
  A deep elf mage (D:15)
  A centaur zombie (D:12)
  Psyche (D:11)
  A centaur skeleton (D:15)
  A two-headed ogre (D:9)
  4 trolls
  Prince Ribbit (D:9)
  2 slime creatures (D:12)
  4 yaks (D:10)
  A wyvern (D:15)
  A wraith (D:12)
  3 hippogriffs
  A hungry ghost (D:12)
  Grum (D:8)
  5 vampire mosquitoes
  A basilisk (D:14)
  A mottled dragon (D:11)
  2 soldier ants (D:10)
  A water moccasin (D:9)
  A black bear (D:13)
  5 orc warriors
  2 phantoms
  A necrophage (D:7)
  4 wolves (D:8)
  3 centaurs
  2 ice beasts (D:11)
  A wasp (D:9)
  3 ogres
  A crocodile (D:8)
  5 giant frogs
  A troll zombie (D:12)
  A water moccasin skeleton (D:7)
  4 scorpions
  3 jellies
  10 killer bees
  4 wights (D:9)
  6 howler monkeys (D:9)
  3 crimson imps
  3 quasits
  2 hounds
  A wyvern simulacrum (D:14)
  7 orc priests
  6 orc wizards
  2 iguanas
  10 worker ants
  A killer bee zombie (D:10)
  3 ogre zombies (D:12)
  3 hound skeletons
  2 gnolls (D:7)
  A howler monkey skeleton (D:6)
  17 adders
  3 shadow imps
  2 oozes
  4 worms
  5 giant geckos
  39 orcs
  4 bats
  6 giant cockroaches
  6 goblins
  4 hobgoblins
  14 jackals
  8 kobolds
  5 quokkas
  A ball python (D:3)
  3 giant newts
  A goblin skeleton (D:12)
  A goblin zombie (D:12)
  2 hobgoblin skeletons (D:12)
  2 hobgoblin zombies (D:12)
  2 orc skeletons (D:12)
  10 orc zombies (D:12)
  2 quokka skeletons
  6 rats
288 creatures vanquished.

Vanquished Creatures (collateral kills)
  4 vault guards (D:13)
  A centaur warrior (D:13)
  2 hill giants
  2 ugly things
  A centaur zombie (D:13)
  A slime creature (D:12)
  A spriggan (shapeshifter) (D:13)
  A yak (D:10)
  A steam dragon (D:13)
  6 vampire mosquitoes
  An orc warrior (D:6)
  2 ice beasts
  2 ogres (D:13)
  A wasp (D:13)
  A centaur (D:13)
  A giant frog (D:10)
  A howler monkey (D:9)
  2 crimson imps
  A hound (D:7)
  A jelly (D:13)
  2 orc wizards
  A worker ant (D:14)
  2 ogre zombies (D:12)
  An adder (D:9)
  4 orcs
  2 jackals (D:9)
  An orc zombie (D:12)
46 creatures vanquished.

Grand Total: 334 creatures vanquished

Notes
Turn   | Place    | Note
--------------------------------------------------------------
     0 | D:1      | SaltyNutz the Demonspawn Berserker began the quest for the Orb.
     0 | D:1      | Reached XP level 1. HP: 18/18 MP: 1/1
   407 | D:1      | Gained mutation: You have a pair of small antennae on your head. [demonic ancestry]
   407 | D:1      | Reached XP level 2. HP: 24/24 MP: 2/2
   741 | D:2      | Reached skill level 2 in Armour
  1033 | D:2      | Reached ** piety under Trog
  1033 | D:2      | Gained mutation: You are slightly more attuned to the shadows. [demonic ancestry]
  1033 | D:2      | Reached XP level 3. HP: 25/29 MP: 3/3
  1248 | D:2      | Found a shadowy altar of Dithmenos.
  1402 | D:2      | Gained mutation: You are partially covered in rough black scales (AC +4, Dex -1). [demonic ancestry]
  1402 | D:2      | Reached XP level 4. HP: 35/35 MP: 4/4
  1569 | D:2      | Found a sparkling altar of Nemelex Xobeh.
  1874 | D:3      | Found a faded altar to an unknown god.
  2028 | D:3      | Reached *** piety under Trog
  2148 | D:3      | Reached XP level 5. HP: 42/42 MP: 5/5
  2199 | D:3      | Noticed a centaur
  2206 | D:3      | Killed a centaur
  2206 | D:3      | Reached skill level 1 in Polearms
  2206 | D:3      | Reached skill level 3 in Armour
  2206 | D:3      | Reached skill level 1 in Stealth
  2238 | D:3      | Found a stormy altar of Qazlal.
  2270 | D:3      | Reached XP level 6. HP: 48/48 MP: 6/6
  2686 | D:4      | Got an ichor-stained ring mail
  2690 | D:4      | Identified the +4 ring mail of the Fifty Wishes {rPois rN+++ Str-5 Dex-4} (You found it on level 4 of the Dungeon)
  3106 | D:4      | Found a sacrificial altar of Ru.
  3316 | D:5      | Entered Level 5 of the Dungeon
  3396 | D:5      | Reached skill level 4 in Armour
  3396 | D:5      | Gained mutation: A weak demonic guardian rushes to your aid. [demonic ancestry]
  3396 | D:5      | Reached XP level 7. HP: 55/55 MP: 7/7
  3728 | D:5      | Found a glowing drain.
  4216 | D:5      | Found Zeluv's Food Shop.
  4223 | D:5      | Bought a meat ration for 55 gold pieces
  4223 | D:5      | Bought a beef jerky for 16 gold pieces
  4223 | D:5      | Bought a meat ration for 55 gold pieces
  4223 | D:5      | Bought a slice of pizza for 16 gold pieces
  4223 | D:5      | Bought 3 fruits for 49 gold pieces
  4223 | D:5      | Bought a beef jerky for 16 gold pieces
  4223 | D:5      | Bought a beef jerky for 16 gold pieces
  4487 | D:6      | Reached skill level 5 in Fighting
  4528 | D:6      | Reached skill level 5 in Armour
  4775 | D:6      | Found a staircase to the Ecumenical Temple.
  4864 | D:6      | Found a glowing golden altar of the Shining One.
  4883 | D:6      | Found an iron altar of Okawaru.
  4890 | D:6      | Gained mutation: You have a pair of antennae on your head. [demonic ancestry]
  4890 | D:6      | Reached XP level 8. HP: 62/62 MP: 8/8
  5012 | D:6      | Reached **** piety under Trog
  5306 | D:7      | Reached skill level 6 in Armour
  6208 | D:8      | Noticed Grum
  6214 | D:8      | Reached skill level 7 in Armour
  6221 | D:8      | Killed Grum
  6227 | D:8      | Gained mutation: You have a pair of large antennae on your head (SInv). [demonic ancestry]
  6227 | D:8      | Reached XP level 9. HP: 63/69 MP: 9/9
  6924 | D:8      | Reached skill level 8 in Armour
  7032 | D:8      | Reached ***** piety under Trog
  7118 | D:8      | Reached skill level 5 in Polearms
  7509 | D:9      | Noticed Prince Ribbit
  7575 | D:9      | Killed Prince Ribbit
  7748 | D:9      | Noticed a troll
  7753 | D:9      | Killed a troll
  8046 | D:9      | Gained mutation: A demonic guardian rushes to your aid. [demonic ancestry]
  8046 | D:9      | Reached XP level 10. HP: 70/79 MP: 10/10
  8250 | D:9      | Found a shimmering altar of Xom.
  8489 | D:9      | Reached skill level 9 in Armour
  8669 | D:10     | Entered Level 10 of the Dungeon
  9611 | D:10     | Received a gift from Trog
 10061 | D:10     | Noticed a hill giant
 10067 | D:10     | Killed a hill giant
 10078 | D:10     | Gained mutation: You are resistant to hostile enchantments. [potion of mutation]
 10078 | D:10     | Lost mutation: You are resistant to hostile enchantments. [potion of mutation]
 10078 | D:10     | Gained mutation: You are robust (+10% HP). [potion of mutation]
 10591 | D:11     | Noticed Erolcha
 10596 | D:11     | Killed Erolcha
 10596 | D:11     | Reached skill level 10 in Armour
 10632 | D:11     | Noticed a hill giant
 10637 | D:11     | Killed a hill giant
 10645 | D:11     | Noticed a hill giant
 10647 | D:11     | Killed a hill giant
 10647 | D:11     | Gained mutation: You are mostly covered in rough black scales (AC +7, Dex -2). [demonic ancestry]
 10647 | D:11     | Reached XP level 11. HP: 90/95 MP: 11/11
 11041 | D:11     | Noticed Psyche
 11049 | D:11     | Killed Psyche
 11537 | D:12     | Found a staircase to the Orcish Mines.
 12659 | D:13     | Found a gate to the Vaults.
 12660 | D:13     | Noticed a vault guard
 12660 | D:13     | Noticed a white ugly thing
 12660 | D:13     | Noticed a vault guard
 12660 | D:13     | Noticed a vault guard
 12660 | D:13     | Noticed a vault guard
 12665 | D:13     | Killed a white ugly thing
 12672 | D:13     | Killed a vault guard
 12676 | D:13     | Killed a vault guard
 12680 | D:13     | Killed a vault guard
 12683 | D:13     | Killed a vault guard
 12683 | D:13     | Reached skill level 11 in Armour
 12683 | D:13     | Reached skill level 5 in Dodging
 12827 | D:13     | Noticed a centaur warrior
 12837 | D:13     | Reached skill level 10 in Fighting
 12838 | D:13     | Killed a centaur warrior
 13280 | D:13     | Found a sparkling altar of Nemelex Xobeh.
 13281 | D:13     | Noticed an oklob plant
 13448 | D:13     | Found Riafapipp's Antique Weapon Boutique.
 13890 | D:13     | Bought an encrusted demon trident for 480 gold pieces
 14012 | D:14     | Noticed a five-headed hydra
 14021 | D:14     | Killed a five-headed hydra
 14254 | D:14     | Noticed a four-headed hydra
 14264 | D:14     | Killed a four-headed hydra
 14264 | D:14     | Reached XP level 12. HP: 100/106 MP: 12/12
 14467 | D:15     | Entered Level 15 of the Dungeon
 14786 | D:15     | Noticed a six-headed hydra
 14793 | D:15     | HP: 1/107 [six-headed hydra (11)]
 14794 | D:15     | Mangled by a six-headed hydra

Skill      XL: |  1  2  3  4  5  6  7  8  9 10 11 |
---------------+----------------------------------+-----
Dodging        | 2 3 4 5 |  5.2
Axes           | 3 |  3.4
Armour         | 2 3 4 5 7 8 10 11 | 11.8
Fighting       | 4 5 6 7 8 10 | 10.4
Polearms       | 1 2 3 4 5 7 9 |  9.6
Stealth        | 1 |  1.9
Throwing       | |  0.6

Action                   |  1- 3 |  4- 6 |  7- 9 | 10-12 || total
-------------------------+-------+-------+-------+-------++-------
Melee: Hand axe          |    63 |       |       |       ||    63
       Spear             |    32 |   173 |   140 |       ||   345
       Trident           |       |       |   283 |   492 ||   775
Throw: Javelin           |       |       |       |     3 ||     3
Invok: Berserk           |       |     4 |    12 |    15 ||    31
       Brothers in Arms  |       |       |       |     5 ||     5
       Burn Spellbooks   |       |       |       |     2 ||     2
  Use: Scroll            |     3 |     3 |    10 |     7 ||    23
       Potion            |     2 |     3 |    11 |     4 ||    20
 Stab: Sleeping          |       |     2 |       |       ||     2
  Eat: Bread ration      |     1 |     2 |     2 |     4 ||     9
       Chunk             |       |     1 |     3 |     2 ||     6
       Meat ration       |       |       |     2 |     3 ||     5
       Beef jerky        |       |       |     1 |     1 ||     2
       Pizza             |       |       |     1 |       ||     1
       Fruit             |       |       |       |     4 ||     4
       Royal jelly       |       |       |       |     3 ||     3
Armor: Ring mail         |    36 |    16 |       |       ||    52
       Animal skin       |     4 |       |       |       ||     4
       Plate armour      |       |   101 |   451 |   475 ||  1027
       Skin              |       |       |     5 |       ||     5
Dodge: Dodged            |    80 |    60 |   240 |   290 ||   670
